Map: Terrasses de Prion

Players

ScAddicted - Winner!

  • Race: Protoss Protoss
  • League: Silver
  • Spawn Location: 11:00

zidar

  • Race: Zerg Zerg
  • League: Silver
  • Spawn Location: 5:00

VOD

Have the link to the VOD?

Description

Time

  • Played on: Jan. 12, 2016, 1:57 p.m.
  • Length: 7:52
Show
View Real Time Build Order
Export as new Build Order

ScAddicted Protoss - Winner!

Build Orders: 1 Gate Expand 

Get SALT Encoding   

  12  0:01  Probe (Chrono Boost)  
  13  0:12  Probe (Chrono Boost)  
  14  0:22  Probe (Chrono Boost)  
  14  0:25  Pylon  
  15  0:43  Probe (Chrono Boost)  
  15  0:44  Gateway  
  16  0:54  Probe (Chrono Boost)  
  17  1:04  Probe (Chrono Boost)  
  18  1:17  Probe (Chrono Boost)  
  19  1:19  Nexus  
  19  1:21  Assimilator  
  19  1:39  Probe (Chrono Boost)  
  20  1:45  Cybernetics Core  
  20  1:49  Pylon  
  20  1:56  Gateway  
  20  2:11  Probe (Chrono Boost)  
  20  2:14  Assimilator  
  21  2:17  Gateway  
  21  2:22  Warp Gate (Chrono Boost)  
  21  2:24  Probe  
  22  2:33  Probe  
  22  2:37  Probe  
  24  2:43  Probe  
  24  2:44  Stalker  
  26  2:49  Probe  
  28  2:53  Pylon  
  28  2:55  Probe  
  29  3:01  Probe  
  29  3:03  Sentry  
  32  3:06  Probe  
  33  3:13  Probe, Stalker  
  36  3:25  Probe  
  37  3:27  Gateway  
  37  3:33  Gateway  
  37  3:37  Robotics Facility, Probe  
  38  3:43  Pylon  
  38  3:54  Twilight Council  
  38  3:56  Probe  
  38  3:57  Probe  
  40  4:02  Assimilator  
  40  4:08  Probe (Chrono Boost)  
  40  4:09  Probe (Chrono Boost)  
  42  4:17  Stalker  
  42  4:19  Stalker  
  42  4:20  Probe (Chrono Boost)  
  42  4:23  Adept  
  49  4:30  Probe (Chrono Boost)  
  50  4:35  Warp Prism  
  52  4:40  Stalker  
  54  4:48  Pylon  
  54  4:56  Nexus, Stalker  
  54  4:59  Pylon  
  56  5:02  Assimilator  
  56  5:04  Probe (Chrono Boost)  
  56  5:05  Probe (Chrono Boost)  
  58  5:12  Pylon  
  58  5:15  Probe x2 (Chrono Boost)  
  58  5:19  Adept  
  62  5:22  Stalker  
  62  5:25  Probe (Chrono Boost)  
  62  5:26  Mothership Core (Chrono Boost)  
  62  5:28  Stalker  
  69  5:36  Probe (Chrono Boost)  
  69  5:40  Sentry  
  72  5:44  Probe (Chrono Boost)  
  72  5:46  Probe (Chrono Boost)  
  74  5:53  Stargate  
  74  5:55  Probe (Chrono Boost)  
  74  5:57  Gateway, Probe (Chrono Boost)  
  75  6:01  Gateway  
  75  6:02  Pylon  
  76  6:04  Gateway  
  76  6:11  Stalker x2  
  80  6:24  Probe (Chrono Boost)  
  81  6:30  Probe x2 (Chrono Boost)  
  83  6:34  Probe (Chrono Boost)  
  84  6:40  Probe (Chrono Boost)  
  84  6:41  Probe (Chrono Boost)  
  84  6:43  Stalker  
  84  6:45  Probe (Chrono Boost)  
  85  6:51  Probe x2 (Chrono Boost), Stalker x4  
  85  6:52  Stalker  
  97  6:55  Probe (Chrono Boost)  
  90  7:17  Stalker x2  
  90  7:18  Stalker x5  
  96  7:48  Stalker x2  
  96  7:49  Stalker x4  
Show
View Real Time Build Order
Export as new Build Order

zidar Zerg 

Build Orders: Pool First 

Get SALT Encoding   

  12  0:02  Drone  
  13  0:12  Overlord  
  13  0:17  Drone  
  14  0:30  Drone x2  
  14  0:34  Drone  
  17  0:48  Spawning Pool  
  16  0:50  Drone  
  17  1:16  Hatchery  
  17  1:17  Drone  
  17  1:27  Drone  
  17  1:30  Overlord  
  18  1:34  Extractor  
  18  1:39  Queen  
  19  1:43  Drone  
  19  2:04  Drone x3  
  22  2:14  Queen  
  22  2:15  Drone  
  25  2:30  Drone  
  26  2:37  Drone  
  26  2:39  Drone x2  
  26  2:43  Roach Warren  
  28  2:46  Extractor  
  27  2:56  Drone x4  
  31  3:16  Drone  
  31  3:17  Drone x3  
  35  3:28  Overlord  
  35  3:29  Overlord x2  
  35  3:45  Extractor x2  
  35  3:46  Hatchery  
  35  3:48  Metabolic Boost  
  32  3:53  Roach x3  
  32  3:54  Roach  
  40  4:02  Drone x2  
  42  4:11  Lair  
  42  4:15  Queen  
  44  5:03  Hatchery  
  43  5:09  Overlord x2  
  43  5:11  Drone x4  
  43  5:12  Drone x2  
  49  5:24  Hydralisk Den  
  49  5:26  Pneumatized Carapace  
  48  5:48  Drone  
  48  5:49  Drone x7  
  57  5:50  Drone x3  
  59  6:07  Roach  
  59  6:08  Roach x6  
  73  6:13  Overlord x3  
  73  6:18  Lurker Den  
  73  6:28  Evolution Chamber  
  72  6:35  Evolution Chamber  
  69  6:45  Roach x3  
  69  6:46  Roach x7  
  85  6:56  Zergling x2  
  70  7:20  Roach  
  70  7:21  Roach x10  
Tags
 
Add a new tag
Caveats
  • Supply blocks, unpowered buildings, or Contaminate may cause inaccurate times.
  • Supply counts are checked every 10 seconds.